 Dungeon Crawl Stone Soup version 0.28.0-53-g5a82cb258f (webtiles) character file.

Game seed: 5752092987279103957

83 protoss039 the Digger (level 4, -2/33 HPs)
             Began as a Demonspawn Earth Elementalist on June 16, 2022.
             Killed by divine providence
             ... invoked by an orc priest
              (13 damage)
             ... on level 3 of the Dungeon.
             The game lasted 00:03:00 (3076 turns).

protoss039 the Digger (DsEE)                        Turns: 3076, Time: 00:03:02

Health: -2/33      AC:  5    Str:  8    XL:     4   Next: 22%
Magic:  0/7        EV: 11    Int: 18    God:
Gold:   80         SH:  0    Dex: 14    Spells: 2/8 levels left

rFire   . . .      SeeInvis .   o - +0 whip (flame)
rCold   + . .      Faith    .   (no shield)
rNeg    . . .      Spirit   .   d - +0 leather armour
rPois   .          Reflect  .   l - +0 helmet
rElec   .          Harm     .   b - +0 cloak
rCorr   .          Rampage  .   (no gloves)
Will    .....                   (no boots)
Stlth   ++........              (no amulet)
HPRegen 0.11/turn               f - ring of flight
MPRegen 0.20/turn               i - ring of protection from cold

@: flying
A: foul stench 1, magic regeneration
a: no special abilities


You were on level 3 of the Dungeon.
You visited 1 branch of the dungeon, and saw 3 of its levels.

You collected 80 gold pieces.

Inventory:

Hand Weapons
 o - a +0 whip of flaming (weapon)
Missiles
 c - 49 stones
Armour
 b - a +0 cloak (worn)
 d - a +0 leather armour (worn)
 l - a +0 helmet (worn)
Jewellery
 f - a ring of flight (left hand)
 i - a ring of protection from cold (right hand)
Scrolls
 g - a scroll of teleportation {unknown}
 m - a scroll of identify {unknown}
Potions
 e - a potion of haste {unknown}
 h - 3 potions of curing {unknown}
 j - a potion of brilliance {unknown}
 k - a potion of heal wounds {unknown}
 n - a potion of degeneration {unknown}


   Skills:
 * Level 2.2 Fighting
 + Level 1.3 Armour
 - Level 1.7 Dodging
 - Level 1.7 Stealth
 + Level 2.5 Spellcasting
 - Level 1.0 Transmutations
 + Level 3.2 Earth Magic


You had 2 spell levels left.
You knew the following spells:

 Your Spells              Type           Power      Damage    Failure   Level
a - Sandblast             Erth           26%        2d8       7%          1
b - Passwall              Tmut/Erth      7%         N/A       16%         2
c - Stone Arrow           Conj/Erth      16%        3d8       36%         3

Your spell library contained the following spells:

 Spells                   Type           Power      Damage    Failure   Level
 Summon Small Mammal      Summ           8%         N/A       24%         1
 Blink                    Tloc           4%         N/A       36%         2
 Petrify                  Tmut/Erth      9%         N/A       71%         4
 Manifold Assault         Tloc           2%         N/A       100%        5
 Metabolic Englaciation   Hex/Ice        1%         N/A       100%        5
 Statue Form              Tmut/Erth      6%         N/A       100%        6
 Storm Form               Tmut/Air       2%         N/A       100%        7


Dungeon Overview and Level Annotations

Branches:
Dungeon (3/15)

Altars:
Kikubaaqudgha
Sif Muna

Annotations:
D:3 1 runed translucent door


Innate Abilities, Weirdness & Mutations

You may rarely emit foul miasma when damaged in melee.
You regenerate magic rapidly.


Message History

Confirm with . or Enter, or press ? or * to list all spells.
Aiming: Sandblast (safe; 7% risk of failure)
Press: ? - help, Shift-Dir - straight line, f/p - orc priest
Aim: an orc priest, wielding a +0 hand axe and wearing a +0 chain mail (85% to hit)
The blast of sand hits the orc priest but does no damage.
The orc priest barely misses you.
Unknown command.
Casting: Sandblast (safe; 7% risk of failure)
Confirm with . or Enter, or press ? or * to list all spells.
Aiming: Sandblast (safe; 7% risk of failure)
Press: ? - help, Shift-Dir - straight line, f/p - orc priest
Aim: an orc priest, wielding a +0 hand axe and wearing a +0 chain mail (85% to hit)
The blast of sand hits the orc priest but does no damage.
The orc priest closely misses you.
Unknown command.
Casting: Sandblast (safe; 7% risk of failure)
Confirm with . or Enter, or press ? or * to list all spells.
Aiming: Sandblast (safe; 7% risk of failure)
Press: ? - help, Shift-Dir - straight line, f/p - orc priest
Aim: an orc priest, wielding a +0 hand axe and wearing a +0 chain mail (85% to hit)
The blast of sand hits the orc priest but does no damage.
The orc priest casts a cantrip, but nothing happens.
Unknown command.
Press: ? - help, v - describe, . - travel
Here: an orc priest, wielding a +0 hand axe and wearing a +0 chain mail The floor.
You closely miss the orc priest.
The orc priest hits you with a +0 hand axe.
You emit a cloud of foul miasma!
You hit the orc priest but do no damage.
The orc priest is engulfed in dark miasma.
The orc priest is poisoned.
The orc priest misses you.
Your magical contamination has completely faded away.
You closely miss the orc priest.
The orc priest is severely wounded.
The orc priest is engulfed in dark miasma.
The orc priest looks even sicker.
The orc priest mumbles some strange prayers to Beogh against you.
Beogh smites you!
You die...

#.# #........ #.# ###.....#
#># #........ #.# ####.....
#.# #..... #o# #..#.#
#######.# ##.#..
l.......#################.###
#######..loo@.............#
#####################


You could see an iguana, an orc priest (very poisoned) and an orc.

Vanquished Creatures
  An adder (D:3)
  A worm (D:3)
  A dart slug (D:1)
  7 orcs (D:3)
  2 bats
  9 endoplasms
  2 giant cockroaches
  9 goblins
  3 hobgoblins
  2 quokkas (D:2)
  4 ball pythons
  A frilled lizard (D:1)
  7 kobolds
  8 rats
57 creatures vanquished.

Notes
Turn   | Place    | Note
-------+----------+-------------------------------------------
     0 | D:1      | protoss039 the Demonspawn Earth Elementalist began the
                  | quest for the Orb.
     0 | D:1      | Reached XP level 1. HP: 13/13 MP: 3/3
    32 | D:1      | Reached skill level 1 in Transmutations
   284 | D:1      | Gained mutation: You may rarely emit foul miasma when
                  | damaged in melee. [demonic ancestry]
   284 | D:1      | Reached XP level 2. HP: 20/20 MP: 5/5
   332 | D:1      | Reached skill level 1 in Fighting
  1105 | D:1      | Reached XP level 3. HP: 18/26 MP: 6/6
  1210 | D:1      | Found a faded altar of an unknown god.
  1214 | D:1      | Got Plato's Catalogue of the Entourage
  1249 | D:1      | Reached skill level 3 in Earth Magic
  1570 | D:2      | Reached skill level 1 in Armour
  2337 | D:2      | Learned a level 2 spell: Passwall
  2341 | D:2      | Learned a level 3 spell: Stone Arrow
  2345 | D:3      | Found a runed translucent door.
  2485 | D:3      | Gained mutation: You regenerate magic rapidly. [demonic
                  | ancestry]
  2485 | D:3      | Reached XP level 4. HP: 16/33 MP: 3/7
  2746 | D:3      | Found a shimmering blue altar of Sif Muna.
  2910 | D:3      | Found an ancient bone altar of Kikubaaqudgha.
  3076 | D:3      | Killed from afar by an orc priest

Illustrated notes

Levels and vault maps discovered:
D:1:      lightli_arrival_noodles, layout_basic,
          shapermc_ecumenical_altar_rom_forum
D:2:      layout_loops_ring, minmay_misc_feat_columns
D:3:      layout_basic, nicolae_overflow_crystal_walls,
          mainiacjoe_overflow_catwalk, ebering_ghost_sewer_f

Skill      XL: |  1  2  3 |
---------------+----------+-----
Transmutations | 1 |  1.0
Fighting       | 1 2 |  2.2
Earth Magic    | 3 |  3.2
Armour         | 1 |  1.3
Dodging        | |  1.7
Stealth        | |  1.7
Spellcasting   | |  2.5

Action                   |  1- 3 |  4- 6 || total
-------------------------+-------+-------++-------
Melee: Club              |   116 |    20 ||   136
       Whip              |       |     7 ||     7
 Cast: Sandblast         |    34 |    13 ||    47
Armor: Robe              |     3 |       ||     3
       Leather armour    |    30 |     7 ||    37
Dodge: Dodged            |   100 |    19 ||   119
